cohdb
Replays
Latest Replays
All Replays
Popular Replays
Top Player Replays
Match Explorer
How It Works
Community
CoH3 Stats
Reddit
Sign in to upload your games and track your stats! →
Sign in with Steam
Match 42429700
Unlisted
Match 42429700
Overview
Messages
Build Orders
End
Construct Barracks
Riflemen Squad
Riflemen Squad
Riflemen Squad
Construct Weapon Support Center
M1919 Machine Gun Team
Air Support Center
Grasshopper Recon Run
M3 Armored Personnel Carrier
P-47 Strafing Run
Engineer Squad
Construct Motor Pool
P-47 Strafing Run
M1 Anti-tank Gun Team
P-47 Strafing Run
Selects Armored Battlegroup
Selects Veteran Crews
Selects Fast Deploy
Selects Seek and Destroy
Engineer Squad
P-47 Strafing Run
M1 Mortar Team
Grasshopper Recon Run
P-47 Strafing Run
Construct Tank Depot
P-47 Strafing Run
Selects UNKNOWN (2160077)
Selects M31 Recovery Vehicle
Grasshopper Recon Run
StormblasT
narrzilla
Jhonny Walker
ETO420
Ferevat
DHellstrom
雲蘭
Mustache and Melons
0
0
Comments
sign in to comment!
No comments posted yet!